[Event "Titled Tuesday Blitz May 10 Late 2022"]
[White "Vasquez Schroeder, Rodrigo"]
[Black "Remolar Gallen, Jose"]
[WhiteFideId "3400042"]
[BlackFideId "2215187"]
[WhiteElo "2567"]
[BlackElo "2205"]
[Result "1-0"]
[Round "03"]
[TimeControl "180+1"]
[Date "2022.05.10"]
[WhiteClock "0:00:44"]
[BlackClock "0:00:02"]

1. e4 c5 2. Nf3 d6 3. d4 cxd4 4. Nxd4 Nf6 5. Nc3 a6 6. Bg5 e6 7. f4 Be7 8. Qf3 Qc7 9. O-O-O Nbd7 10. g4 h6 11. Bxf6 Bxf6 12. h4 Nb6 13. g5 Bxd4 14. Rxd4 Qc5 15. Rd2 Bd7 16. Bh3 hxg5 17. hxg5 Nc4 18. Rd3 O-O-O 19. Nd1 Kb8 20. Rc3 Bc6 21. Bf1 b5 22. Ne3 Rxh1 23. Qxh1 Qd4 24. Bxc4 Bxe4 25. Qe1 Bb7 26. Bf1 Qxf4 27. g6 fxg6 28. Rd3 d5 29. Kb1 e5 30. Bh3 d4 31. Ng4 e4 32. Qg3 Qxg3 33. Rxg3 d3 34. cxd3 exd3 35. Kc1 Be4 36. Kd2 Rc8 37. Ne3 Rc5 38. Bg2 Bxg2 39. Rxg2 Rc6 40. Kxd3 Kb7 41. Nd5 Rd6 42. Kd4 Kc6 43. Rc2+ Kd7 44. Rc7+ Ke6 45. Re7+ Kf5 46. Rxg7 g5 47. Rf7+ Kg6 48. Rf8 g4 49. Ke5 Rd7 50. Rg8+ Kh5 51. Nf6+ 1-0


[Site "https://www.chess.com"]

[Event "Titled Tuesday Blitz May 10 Late 2022"]
[White "Vega Gutierrez, Sabrina"]
[Black "Rorrer, Grayson"]
[WhiteFideId "2219026"]
[BlackFideId "30944996"]
[WhiteElo "2286"]
[BlackElo "2122"]
[Result "0-1"]
[Round "03"]
[TimeControl "180+1"]
[Date "2022.05.11"]
[WhiteClock "0:00:01"]
[BlackClock "0:00:08"]

1. e4 e5 2. Nf3 Nc6 3. Nc3 Nf6 4. g3 Bc5 5. Bg2 d6 6. O-O O-O 7. d3 h6 8. Na4 Bb6 9. Nxb6 axb6 10. h3 Re8 11. b3 Nh7 12. Bb2 f5 13. exf5 Bxf5 14. d4 e4 15. Nh4 Bd7 16. d5 Ne5 17. Bxe4 Bxh3 18. Re1 Nf6 19. f4 Nxe4 20. Rxe4 Nd7 21. Qf3 Rxe4 22. Qxe4 Nf6 23. Qg6 Qe7 24. Bxf6 Qxf6 25. Qxf6 gxf6 26. a4 b5 27. a5 Bc8 28. Nf3 b6 29. Nd4 Bd7 30. a6 Kf7 31. Kf2 Ra7 32. Ke3 Bc8 33. Nxb5 Rxa6 34. Rxa6 Bxa6 35. Nxc7 Bb7 36. Kd4 Ke7 37. Ne6 Bc8 38. Ng7 Bg4 39. c4 Kf7 40. Ne6 h5 41. Nc7 Ke7 42. Nb5 Bd1 0-1


[Site "https://www.chess.com"]

[Event "Titled Tuesday Blitz May 10 Late 2022"]
[White "Vovk, Orest"]
[Black "Lashkin, Jegor"]
[WhiteFideId "14113490"]
[BlackFideId "13907808"]
[WhiteElo "2532"]
[BlackElo "2817"]
[Result "0-1"]
[Round "03"]
[TimeControl "180+1"]
[Date "2022.05.11"]
[WhiteClock "0:00:55"]
[BlackClock "0:01:49"]

1. h4 d5 2. h5 e5 3. h6 g6 4. d4 e4 5. Bf4 Nc6 6. e3 Nf6 7. c4 Be6 8. Nc3 dxc4 9. Qa4 Bb4 10. a3 Bxc3+ 11. bxc3 Qd5 12. Rb1 O-O 13. Bxc7 Qd7 14. Bg3 Nd5 15. Qc2 b5 16. Ne2 a5 17. Rxb5 Ncb4 18. Rxb4 axb4 19. axb4 Ra1+ 20. Nc1 Rfa8 21. Be2 R8a2 22. Qxa2 Rxa2 23. Nxa2 Qa4 24. Bxc4 Nxc3 25. Nxc3 Qa1+ 26. Nd1 Bxc4 27. Kd2 Qa2+ 28. Kc3 Bd3 29. b5 Qa3+ 30. Kd2 Qb4+ 31. Kc1 Qb1+ 32. Kd2 Qc2+ 0-1


[Site "https://www.chess.com"]

[Event "Titled Tuesday Blitz May 10 Late 2022"]
[White "Vusatiuk, Vladimir"]
[Black "Muradov, Soltan"]
[WhiteFideId "14118610"]
[BlackFideId "14002108"]
[WhiteElo "2157"]
[BlackElo "1854"]
[Result "0-1"]
[Round "03"]
[TimeControl "180+1"]
[Date "2022.05.11"]
[WhiteClock "0:00:03"]
[BlackClock "0:00:59"]

1. d4 Nf6 2. c4 e6 3. Nc3 Bb4 4. e3 d5 5. Bd2 O-O 6. Nf3 a6 7. Bd3 dxc4 8. Bxc4 b5 9. Bd3 Bb7 10. O-O Nbd7 11. a3 Bxc3 12. Bxc3 c5 13. Bc2 Qe7 14. Qe2 Be4 15. dxc5 Bxc2 16. Qxc2 Qxc5 17. Rac1 Rac8 18. Rfd1 Qh5 19. Rd6 Rc7 20. Rxa6 Rfc8 21. Rd1 Nd5 22. Rd6 N7f6 23. Qb1 Ne8 24. Ra6 Nxc3 25. bxc3 Rxc3 26. Rb6 R3c5 27. h3 h6 28. Qb4 Nf6 29. Nd4 Qxd1+ 30. Kh2 Nd5 31. Qa5 Nxb6 32. Qxb6 Qd2 33. Kg3 Rc2 34. Kg4 Qxf2 35. Qa6 Qxg2+ 36. Kh4 Qg5# 0-1


[Site "https://www.chess.com"]

[Event "Titled Tuesday Blitz May 10 Late 2022"]
[White "Wachinger, Guenther"]
[Black "Lopez Del Alamo, Antonio"]
[WhiteFideId "4604261"]
[BlackFideId "2227339"]
[WhiteElo "2212"]
[BlackElo "2089"]
[Result "1-0"]
[Round "03"]
[TimeControl "180+1"]
[Date "2022.05.11"]
[WhiteClock "0:01:36"]
[BlackClock "0:01:30"]

1. e4 c5 2. Nf3 e6 3. d4 cxd4 4. Nxd4 Nf6 5. Nc3 Nc6 6. Ndb5 d6 7. Bf4 e5 8. Bg5 a6 9. Na3 b5 10. Nd5 Be7 11. Bxf6 Bxf6 12. c4 b4 13. Nc2 O-O 14. g3 Rb8 15. b3 a5 16. Bg2 Be6 17. O-O Bg5 18. Nde3 Qd7 19. Nf5 Bxf5 20. exf5 Bd8 21. Bxc6 Qxc6 22. Ne3 Bb6 23. Nd5 Kh8 24. f6 gxf6 25. Qf3 Rg8 26. Qxf6+ Rg7 27. Ne7 Qc5 28. Nf5 Rg8 29. Rad1 Bd8 30. Qxd6 Qxd6 31. Rxd6 Rg5 32. Nh6 Kg7 33. Nxg8 1-0


[Site "https://www.chess.com"]

[Event "Titled Tuesday Blitz May 10 Late 2022"]
[White "Wang, Jalen"]
[Black "Shapiro, Daniel"]
[WhiteFideId "2078058"]
[BlackFideId "2001780"]
[WhiteElo "2084"]
[BlackElo "2323"]
[Result "1-0"]
[Round "03"]
[TimeControl "180+1"]
[Date "2022.05.11"]
[WhiteClock "0:00:05"]
[BlackClock "0:00:03"]

1. d4 Nf6 2. Bf4 b6 3. e3 Bb7 4. Nd2 e6 5. Ngf3 d6 6. Bd3 Nbd7 7. c3 Qe7 8. e4 e5 9. dxe5 dxe5 10. Bg5 h6 11. Bh4 g5 12. Bg3 Nc5 13. Qe2 Nxd3+ 14. Qxd3 Nd7 15. O-O-O O-O-O 16. Nc4 Bg7 17. Qc2 Nc5 18. Nfd2 h5 19. h4 g4 20. Kb1 f6 21. Ka1 Bh6 22. Rhe1 Rd7 23. Ne3 Qe6 24. f3 Rhd8 25. fxg4 hxg4 26. Nef1 Nxe4 27. Nxe4 Rxd1+ 28. Rxd1 Rxd1+ 29. Qxd1 Bxe4 30. Qa4 Qf5 31. Qa6+ Kb8 32. Be1 Bd3 33. Ng3 Qd7 34. Qa3 f5 35. Qb3 f4 36. Nh5 Bg6 37. Nf6 Qd3 38. Qg8+ Kb7 39. Qd5+ Qxd5 40. Nxd5 Be4 41. Nf6 Bxg2 42. Nxg4 e4 43. Nxh6 e3 44. Nf5 Kc6 45. h5 Be4 46. Nd4+ Kd5 47. b3 c5 48. Nb5 f3 49. c4+ Ke5 50. Bg3+ Kf6 51. Nc3 f2 52. Nxe4+ Kf5 53. Nxf2 1-0


[Site "https://www.chess.com"]

[Event "Titled Tuesday Blitz May 10 Late 2022"]
[White "Wieczorek, Oskar"]
[Black "Bas Mas, Jose Joaquin"]
[WhiteFideId "1133950"]
[BlackFideId "22219064"]
[WhiteElo "2330"]
[BlackElo "2233"]
[Result "1-0"]
[Round "03"]
[TimeControl "180+1"]
[Date "2022.05.11"]
[WhiteClock "0:01:52"]
[BlackClock "0:01:10"]

1. e4 c5 2. Nf3 d6 3. c3 Nf6 4. h3 Nc6 5. d4 cxd4 6. cxd4 g6 7. Nc3 Bg7 8. Bd3 e5 9. d5 Ne7 10. O-O O-O 11. a4 Nh5 12. a5 f5 13. a6 bxa6 14. Bxa6 fxe4 15. Nxe4 Bf5 16. Nfg5 Bxe4 17. Nxe4 Nf4 18. Ng5 Nexd5 19. Bc4 Qxg5 20. Bxd5+ Kh8 21. Bxf4 exf4 22. Bxa8 Rxa8 23. Qf3 Rf8 24. Rxa7 Bxb2 25. Rb1 Qc5 26. Qb7 1-0


[Site "https://www.chess.com"]

[Event "Titled Tuesday Blitz May 10 Late 2022"]
[White "Xiong, Jeffery"]
[Black "Villiers, Thomas"]
[WhiteFideId "2047640"]
[BlackFideId "427209"]
[WhiteElo "2727"]
[BlackElo "2164"]
[Result "1-0"]
[Round "03"]
[TimeControl "180+1"]
[Date "2022.05.10"]
[WhiteClock "0:01:05"]
[BlackClock "0:00:40"]

1. e4 c5 2. Nf3 d6 3. Nc3 Nf6 4. d4 cxd4 5. Qxd4 Nc6 6. Qd3 e6 7. Bf4 Be7 8. O-O-O e5 9. Bg5 Be6 10. Bxf6 gxf6 11. Nd5 Qa5 12. a3 O-O-O 13. Be2 Kb8 14. b4 Qa4 15. Kb2 Rd7 16. Nc3 Qa6 17. Qxa6 bxa6 18. Bxa6 f5 19. exf5 Bxf5 20. Nd5 Bd8 21. Bb5 Kb7 22. Rhe1 Bb6 23. Ng5 Rg8 24. Ne4 Bxe4 25. Rxe4 Rxg2 26. Rc4 Nb8 27. Nxb6 axb6 28. Bxd7 Nxd7 29. Rxd6 Nb8 30. Rf6 Rxh2 31. Rxf7+ Ka6 32. a4 1-0


[Site "https://www.chess.com"]

[Event "Titled Tuesday Blitz May 10 Late 2022"]
[White "Zhou, Qiyu"]
[Black "Jakubowski, Krzysztof"]
[WhiteFideId "505161"]
[BlackFideId "1112848"]
[WhiteElo "1925"]
[BlackElo "2365"]
[Result "1-0"]
[Round "03"]
[TimeControl "180+1"]
[Date "2022.05.11"]
[WhiteClock "0:00:06"]
[BlackClock "0:00:02"]

1. e4 c5 2. Nf3 e6 3. d4 cxd4 4. Nxd4 Nc6 5. Nc3 Qc7 6. Be3 a6 7. Qd2 Nf6 8. f4 Bb4 9. Bd3 d5 10. e5 Nd7 11. a3 Ba5 12. O-O g6 13. Qf2 Bxc3 14. bxc3 Na5 15. Ne2 Nc4 16. Bd4 Ndb6 17. a4 Bd7 18. a5 Na4 19. Rfb1 Bb5 20. Rb4 Qxa5 21. Nc1 Qc7 22. Rbxa4 Bxa4 23. Rxa4 O-O 24. Ra1 a5 25. Ne2 a4 26. Qh4 Kh8 27. Ng3 Rg8 28. Qf6+ Rg7 29. Ne2 a3 30. Qh4 Qd8 31. Qe1 b5 32. Bc5 Qc7 33. Bb4 Rgg8 34. Nd4 Qb6 35. Qh4 Rg7 36. Be7 Kg8 37. Bf6 b4 38. Qh6 Kf8 39. Qxg7+ Ke8 40. Qg8+ Kd7 41. Qxf7+ Kc8 42. Qe8+ Kb7 43. Qd7+ Qc7 44. Qxc7+ Kxc7 45. cxb4 Nb2 46. Nxe6+ Kb6 47. Nc5 Kc6 48. e6 d4 49. Bxd4 1-0


[Site "https://www.chess.com"]

[Event "Titled Tuesday Blitz May 10 Late 2022"]
[White "Zivkovic, Nemanja"]
[Black "Zhigalko, Sergei"]
[WhiteFideId "942154"]
[BlackFideId "13502956"]
[WhiteElo "2541"]
[BlackElo "2891"]
[Result "0-1"]
[Round "03"]
[TimeControl "180+1"]
[Date "2022.05.11"]
[WhiteClock "0:00:19"]
[BlackClock "0:00:21"]

1. e4 c5 2. Nf3 Nc6 3. Bb5 Nf6 4. Qe2 g6 5. O-O Bg7 6. c3 O-O 7. h3 e5 8. d3 d6 9. Re1 Nh5 10. Be3 Bd7 11. Nbd2 a6 12. Ba4 b5 13. Bb3 Kh8 14. Bd5 Rb8 15. Nf1 Ne7 16. Bb3 f5 17. Ng5 c4 18. dxc4 h6 19. Nf3 fxe4 20. N3d2 bxc4 21. Qxc4 d5 22. Qxa6 d4 23. Nxe4 Bb5 24. Qa7 dxe3 25. Nxe3 Nc6 26. Qc5 Nf4 27. Red1 Qh4 28. Nd5 Ne2+ 29. Kh2 Qxe4 30. c4 Ncd4 0-1


[Site "https://www.chess.com"]

[Event "Titled Tuesday Blitz May 10 Late 2022"]
[White "talman67"]
[Black "Vlassov, Nikolai"]
[BlackFideId "4103360"]
[WhiteElo "2384"]
[BlackElo "2407"]
[Result "1/2-1/2"]
[Round "03"]
[TimeControl "180+1"]
[Date "2022.05.11"]
[WhiteClock "0:00:03"]
[BlackClock "0:00:11"]

1. e4 Nc6 2. d4 d5 3. e5 h5 4. c3 Bg4 5. Be2 Qd7 6. h3 Bf5 7. Bxh5 Bxb1 8. Bxf7+ Kxf7 9. Rxb1 Qf5 10. Be3 e6 11. Nf3 Be7 12. O-O Nh6 13. Nd2 Raf8 14. f4 Ke8 15. g4 Qd3 16. Rf3 Nf7 17. Bf2 Qa6 18. a4 Na5 19. b4 Nc4 20. b5 Qb6 21. Nxc4 dxc4 22. a5 Qxa5 23. d5 Nd8 24. dxe6 Nxe6 25. Qd5 Nxf4 26. Rxf4 Rxf4 27. e6 Bd6 28. Qxb7 Ke7 29. Qc6 Rd8 30. Bh4+ Rf6 31. Bxf6+ gxf6 32. Qe4 Qxc3 33. Kh1 Qe5 34. Qh7+ Kxe6 35. Rb2 Qxb2 36. Qf5+ Ke7 37. Qh7+ Ke8 38. Qg6+ Kd7 39. Qf5+ Ke7 40. Qh7+ Kf8 41. Qh8+ Kf7 42. Qh7+ Ke6 43. Qf5+ Ke7 1/2-1/2


[Site "https://www.chess.com"]

[Event "Titled Tuesday Blitz May 10 Late 2022"]
[White "Adewumi, Tanitoluwa"]
[Black "Wartiovaara, Oliver"]
[WhiteFideId "30966396"]
[BlackFideId "513024"]
[WhiteElo "2505"]
[BlackElo "1971"]
[Result "0-1"]
[Round "04"]
[TimeControl "180+1"]
[Date "2022.05.11"]
[WhiteClock "0:00:01"]
[BlackClock "0:00:06"]

1. e4 c5 2. Nf3 Nc6 3. Bb5 e5 4. d3 Bd6 5. Be3 Nge7 6. Nbd2 O-O 7. O-O b6 8. Bxc6 Nxc6 9. h3 Be7 10. Nc4 d6 11. g4 b5 12. Ncd2 d5 13. Nb1 h5 14. Nh2 Rb8 15. Re1 d4 16. Bc1 Bg5 17. Nd2 hxg4 18. hxg4 g6 19. Ndf1 Bxc1 20. Qxc1 Kg7 21. Ng3 Rh8 22. g5 Qd7 23. Qd2 Qh3 24. Ngf1 Nd8 25. f4 Bg4 26. fxe5 Ne6 27. Qf2 Rh5 28. Qf6+ Kg8 29. Rad1 Rxg5 30. Rd2 Bf3+ 31. Qxg5 Nxg5 32. Rf2 Kg7 33. Nd2 Bg4 34. Ref1 Rh8 35. Rg2 Nf3+ 36. Ndxf3 Bxf3 37. Rxf3 Qe6 38. Rgf2 Rf8 39. Kg2 Qxe5 40. Ng4 Qe7 41. Nf6 c4 42. b3 cxb3 43. cxb3 Rc8 44. Nd5 Qd7 45. Rf6 Rc6 46. R6f4 Rd6 47. R4f3 Rxd5 48. exd5 Qxd5 49. Kg3 f5 50. Rf4 Kf6 51. R4f3 g5 52. Kh2 Kg6 53. Kg1 Qe5 54. Kf1 g4 55. Rf4 Kg5 56. Re4 fxe4 0-1


[Site "https://www.chess.com"]

[Event "Titled Tuesday Blitz May 10 Late 2022"]
[White "Adla, Diego"]
[Black "Wang, Jalen"]
[WhiteFideId "100072"]
[BlackFideId "2078058"]
[WhiteElo "2416"]
[BlackElo "2662"]
[Result "0-1"]
[Round "04"]
[TimeControl "180+1"]
[Date "2022.05.11"]
[WhiteClock "0:00:01"]
[BlackClock "0:00:11"]

1. e4 c5 2. Nf3 e6 3. d4 cxd4 4. Nxd4 Nc6 5. Nb5 Nf6 6. N1c3 d5 7. exd5 Nxd5 8. Nxd5 exd5 9. Bf4 Bb4+ 10. c3 Qe7+ 11. Be2 Ba5 12. O-O O-O 13. Bd6 Qg5 14. Bxf8 Bh3 15. Bf3 Rxf8 16. Kh1 Be6 17. Nd4 Nxd4 18. Qxd4 Bb6 19. Qd3 h5 20. Rad1 h4 21. Bxd5 h3 22. gxh3 Rd8 23. c4 Bc7 24. Qe4 Bf5 25. Qg2 Qf4 26. f3 Kf8 27. Rg1 g6 28. Qg3 Re8 29. Qxf4 Bxf4 30. Rge1 Rb8 31. Be4 Bxh3 32. b3 b6 33. Bc6 Bf5 34. Re2 g5 35. Rde1 Kg7 36. Re8 Bc8 37. Kg2 Kf6 38. Rd1 Bc7 39. Rd4 a6 40. h4 gxh4 41. Rxh4 b5 42. Rhh8 bxc4 43. Rxc8 Rb6 44. Be4 c3 0-1


[Site "https://www.chess.com"]

[Event "Titled Tuesday Blitz May 10 Late 2022"]
[White "Aggelis, Nikolaos"]
[Black "Maghsoodloo, Parham"]
[WhiteFideId "4213220"]
[BlackFideId "12539929"]
[WhiteElo "2154"]
[BlackElo "2630"]
[Result "1-0"]
[Round "04"]
[TimeControl "180+1"]
[Date "2022.05.10"]
[WhiteClock "0:00:06"]
[BlackClock "0:00:59"]

1. d4 d5 2. Nf3 Nf6 3. g3 Bf5 4. c4 e6 5. Bg2 h6 6. O-O c6 7. Qb3 Qb6 8. c5 Qxb3 9. axb3 Nbd7 10. b4 a6 11. Nc3 Rc8 12. h3 Be7 13. g4 Bh7 14. Bf4 O-O 15. Nd2 Bd8 16. Nb3 Bc7 17. e3 e5 18. Bh2 Bd3 19. Rfe1 e4 20. Na5 Bxh2+ 21. Kxh2 Rc7 22. Bf1 Bxf1 23. Rxf1 Nh7 24. f4 exf3 25. Rxf3 Ng5 26. Rg3 Nf6 27. h4 Nge4 28. Nxe4 Nxe4 29. Rg2 f6 30. Rf1 Kf7 31. Nb3 Re7 32. Rf3 Rfe8 33. Kg1 Re6 34. Na5 R8e7 35. Nb3 Ke8 36. Kf1 Kd7 37. Ke2 Kc7 38. Nd2 Nxd2 39. Kxd2 Re4 40. h5 Re8 41. Kd3 R4e7 42. b3 Ra8 43. Ra2 Re4 44. Rf4 Rae8 45. Rxe4 Rxe4 46. Rg2 Kd7 47. Ke2 Ke6 48. Kf3 Kf7 49. Rg1 Re7 50. Rg2 Ke6 51. Rg1 Kf7 52. Rg2 Re4 53. Rg1 g5 54. hxg6+ Kxg6 55. Rh1 Re8 56. Rh2 Ra8 57. Ra2 f5 58. gxf5+ Kxf5 59. Rh2 Rh8 60. Rh5+ Kg6 61. Kg4 Re8 62. Rh3 h5+ 63. Kf4 Re4+ 64. Kf3 h4 65. Rh2 Kh5 66. Rg2 Re7 67. Rg8 Rh7 68. Kg2 Kh6 69. Kh3 Kh5 70. Rg4 Re7 71. Rxh4+ Kg5 72. Rg4+ Kf5 73. Rg3 Ke4 74. Kh4 Rg7 75. Rxg7 Kxe3 76. Rxb7 Kxd4 77. Rb6 Kc3 78. Rxc6 Kxb4 79. Rd6 Kxc5 80. Rxa6 d4 81. Ra8 Kb4 82. Rd8 Kc3 83. Kg5 d3 84. b4 d2 85. b5 Kc4 86. Rxd2 Kxb5 87. Rf2 Kc4 88. Kf4 1-0


[Site "https://www.chess.com"]

[Event "Titled Tuesday Blitz May 10 Late 2022"]
[White "Akrakan"]
[Black "Ardila, Oscar Humberto"]
[BlackFideId "4404742"]
[WhiteElo "2119"]
[BlackElo "1928"]
[Result "0-1"]
[Round "04"]
[TimeControl "180+1"]
[Date "2022.05.11"]
[WhiteClock "0:00:17"]
[BlackClock "0:00:19"]

1. e4 e5 2. Nf3 Nf6 3. d4 Nxe4 4. dxe5 d5 5. Bd3 Nc5 6. O-O Nxd3 7. cxd3 Be7 8. Re1 Be6 9. d4 O-O 10. Nbd2 h6 11. Nf1 c5 12. Be3 Nc6 13. dxc5 Qa5 14. Rc1 Qxa2 15. Qc2 Qc4 16. Qxc4 dxc4 17. N1d2 Nb4 18. Red1 Nd3 19. Rc2 Nxc5 20. Nxc4 Rfd8 21. Rdc1 Nd3 22. Ra1 Nb4 23. Rcc1 Nd3 24. Rc2 Rac8 25. Na3 a6 26. Bd4 Nb4 27. Re2 Nc6 28. Bc3 b5 29. Nb1 b4 30. Bd2 a5 31. h3 Bc4 32. Re1 Rd7 33. Bf4 Be6 34. Nbd2 Ra8 35. Ne4 a4 36. Rec1 Nd4 37. Nc5 Nxf3+ 38. gxf3 Bxc5 39. Rxc5 a3 40. bxa3 bxa3 41. Rc3 a2 42. Kg2 Rb7 43. Rc2 Rb1 44. Rc1 Rxc1 45. Rxc1 a1=Q 46. Rb1 Qxb1 0-1


[Site "https://www.chess.com"]

[Event "Titled Tuesday Blitz May 10 Late 2022"]
[White "Aksu, Vedat Ali"]
[Black "Toncheva, Nadya"]
[WhiteFideId "6304320"]
[BlackFideId "2924056"]
[WhiteElo "2190"]
[BlackElo "1888"]
[Result "1-0"]
[Round "04"]
[TimeControl "180+1"]
[Date "2022.05.11"]
[WhiteClock "0:02:00"]
[BlackClock "0:00:46"]

1. Nf3 Nf6 2. c4 d6 3. Nc3 e5 4. e3 g6 5. b3 Bg7 6. Bb2 O-O 7. Ne2 c6 8. Ng3 h5 9. h4 Re8 10. Qc2 e4 11. Ng5 d5 12. d3 exd3 13. Bxd3 d4 14. O-O Ng4 15. Bxg6 fxg6 16. Qxg6 Ne5 17. Qh7+ Kf8 18. Nxh5 Qe7 19. Bxd4 c5 20. Bxc5 1-0


[Site "https://www.chess.com"]

[Event "Titled Tuesday Blitz May 10 Late 2022"]
[White "Alekseenko, Kirill"]
[Black "Nakamura, Hikaru"]
[WhiteFideId "4135539"]
[BlackFideId "2016192"]
[WhiteElo "2682"]
[BlackElo "2850"]
[Result "0-1"]
[Round "04"]
[TimeControl "180+1"]
[Date "2022.05.10"]
[WhiteClock "0:00:14"]
[BlackClock "0:00:35"]

1. e4 c6 2. d4 d5 3. e5 Bf5 4. Nf3 e6 5. Be2 Ne7 6. O-O h6 7. Nbd2 Nd7 8. Nb3 Qc7 9. Bd2 Bh7 10. a4 Ng6 11. h4 Be7 12. h5 Ngf8 13. Ba5 b6 14. Bd2 g5 15. c4 Be4 16. a5 dxc4 17. Bxc4 b5 18. Be2 Bd5 19. Rc1 a6 20. Bd3 Rd8 21. Re1 c5 22. dxc5 Bxb3 23. Qxb3 Nxc5 24. Qc2 Qd7 25. Be4 g4 26. Nh2 Nxe4 27. Qxe4 Qxd2 28. Qc6+ Nd7 29. Nxg4 Qg5 30. f3 O-O 31. Qxa6 Bc5+ 32. Kf1 Qh4 33. Ke2 Nxe5 34. Rxc5 Nxg4 35. fxg4 Qxg4+ 36. Kf1 Qf4+ 0-1


[Site "https://www.chess.com"]

[Event "Titled Tuesday Blitz May 10 Late 2022"]
[White "Alexiadis, Hristos"]
[Black "Villiers, Thomas"]
[WhiteFideId "4249623"]
[BlackFideId "427209"]
[WhiteElo "2648"]
[BlackElo "2380"]
[Result "1-0"]
[Round "04"]
[TimeControl "180+1"]
[Date "2022.05.11"]
[WhiteClock "0:01:52"]
[BlackClock "0:00:54"]

1. e4 c5 2. Nf3 d6 3. Bb5+ Bd7 4. Bxd7+ Qxd7 5. O-O Nc6 6. Qe2 g6 7. c3 Bg7 8. Rd1 Nf6 9. d4 cxd4 10. cxd4 O-O 11. Nc3 Rac8 12. Bg5 a6 13. Bxf6 Bxf6 14. Nd5 Qe6 15. Nb6 Nb4 16. Nxc8 Rxc8 17. a3 Nc2 18. Rac1 Qb3 19. Rd2 Qxb2 20. Rcxc2 Qb1+ 21. Ne1 Rxc2 22. Rxc2 Bxd4 23. g3 b5 24. Kg2 Bc5 25. Qd2 Bxa3 26. Rc8+ Kg7 27. Qc3+ f6 28. Qxa3 Qxe1 29. Qe3 Qb1 30. Rc7 Kf7 31. Qd4 Qb3 32. Qd5+ Qxd5 33. exd5 f5 34. Ra7 Kf6 35. Rxa6 Ke5 36. Rb6 Kxd5 37. Rxb5+ Kc4 38. Rb7 d5 39. Rxe7 d4 40. Rxh7 d3 41. Rd7 Kc3 42. Kf3 Kc2 43. Ke3 f4+ 44. gxf4 d2 45. Rxd2+ 1-0


[Site "https://www.chess.com"]

[Event "Titled Tuesday Blitz May 10 Late 2022"]
[White "Alfaro, William"]
[Black "Vega Gutierrez, Sabrina"]
[WhiteFideId "6100457"]
[BlackFideId "2219026"]
[WhiteElo "2096"]
[BlackElo "2286"]
[Result "1-0"]
[Round "04"]
[TimeControl "180+1"]
[Date "2022.05.11"]
[WhiteClock "0:00:24"]
[BlackClock "0:00:01"]

1. e4 c5 2. Nf3 e6 3. d4 cxd4 4. Nxd4 Nc6 5. Nb5 d6 6. Bf4 e5 7. Be3 Nf6 8. N1c3 a6 9. Na3 b5 10. Nd5 Nxd5 11. Qxd5 Bb7 12. Qd2 d5 13. exd5 Nd4 14. Bxd4 exd4 15. Qxd4 Bxa3 16. bxa3 O-O 17. Be2 Re8 18. Rd1 Qe7 19. Rd2 Rad8 20. Qg4 Rxd5 21. Rxd5 Bxd5 22. Kd1 Qxa3 23. Bd3 Qxa2 24. Kd2 Be6 25. Qe4 g6 26. Qd4 Rc8 27. Ra1 Qd5 28. Qxd5 Bxd5 29. Rxa6 Bxg2 30. Bxb5 Rc7 31. Bd3 Kg7 32. Ke3 Bc6 33. Ra5 h5 34. h4 Kf6 35. Kf4 Re7 36. Ra6 Re6 37. Bc4 Rd6 38. Bb5 Rd4+ 39. Ke3 Rxh4 40. Rxc6+ Kg7 41. Rc7 Rh3+ 42. f3 Rh2 43. Ba4 h4 44. Bb3 Kh6 45. Bxf7 h3 46. Be6 Rh1 47. Kf2 h2 48. Kg2 1-0


[Site "https://www.chess.com"]

[Event "Titled Tuesday Blitz May 10 Late 2022"]
[White "Al-Tarboush, Ward"]
[Black "Bilych, Olexiy"]
[WhiteFideId "7601450"]
[BlackFideId "14156504"]
[WhiteElo "2547"]
[BlackElo "2701"]
[Result "1-0"]
[Round "04"]
[TimeControl "180+1"]
[Date "2022.05.11"]
[WhiteClock "0:00:05"]
[BlackClock "0:00:12"]

1. e4 e5 2. Nf3 Nc6 3. Bb5 Nf6 4. O-O Nxe4 5. d4 Nd6 6. Bxc6 dxc6 7. dxe5 Nf5 8. Qxd8+ Kxd8 9. Nc3 Bd7 10. Rd1 Kc8 11. Ne2 b6 12. Bf4 Ne7 13. Ng5 Be8 14. e6 f6 15. Nf7 Bxf7 16. exf7 Nd5 17. c4 Nxf4 18. Nxf4 Bd6 19. Ne6 Kd7 20. Nxg7 Raf8 21. Nf5 Rxf7 22. Rd3 Re8 23. Rad1 Re6 24. g3 c5 25. a3 Kc6 26. b4 cxb4 27. Nd4+ Kd7 28. Nxe6 Kxe6 29. Re3+ Kf5 30. Rd5+ Kg6 31. axb4 Bxb4 32. h4 h5 33. Re8 a5 34. Rg8+ Kh7 35. Ra8 Kg6 36. Kg2 c6 37. Rdd8 Re7 38. Kf3 Re1 39. Rg8+ Kf5 40. Rh8 Bc5 41. Rxh5+ Kg6 42. Rxc5 bxc5 43. Rxa5 Re5 44. g4 f5 45. g5 Kh5 46. Ra8 Kxh4 47. g6 Re7 48. Rc8 Kg5 49. Rxc6 Kh6 50. Kf4 Re2 51. f3 Rf2 52. Rxc5 Kxg6 53. Re5 Rf1 54. c5 Rc1 55. Rd5 Rc3 56. Rd6+ Kf7 57. Rc6 Ke7 58. Rc7+ Kd8 59. Rc6 Kd7 60. Rd6+ Ke7 61. Rd5 Ke6 62. Re5+ Kf7 63. Rxf5+ Ke6 64. Re5+ Kf6 65. Rf5+ Ke6 66. Kg5 Rc1 67. Rf6+ Ke7 68. Rf5 Ke6 69. Kg6 Rg1+ 70. Rg5 Rf1 71. Rg3 Rc1 72. Rg5 Rf1 73. Rg3 Rc1 74. f4 Rxc5 75. Re3+ Kd7 76. f5 Rc1 77. f6 Rg1+ 78. Kf7 Rg2 79. Kf8 Rd2 80. f7 Kd8 81. Rg3 Rf2 82. Kg8 Ke7 1-0


[Site "https://www.chess.com"]

[Event "Titled Tuesday Blitz May 10 Late 2022"]
[White "Arabidze, Meri"]
[Black "Kim, Sergey"]
[WhiteFideId "13604040"]
[BlackFideId "13700570"]
[WhiteElo "2634"]
[BlackElo "2478"]
[Result "1-0"]
[Round "04"]
[TimeControl "180+1"]
[Date "2022.05.11"]
[WhiteClock "0:00:15"]
[BlackClock "0:00:40"]

1. Nf3 Nf6 2. g3 g6 3. Bg2 Bg7 4. O-O d6 5. d4 O-O 6. a4 a5 7. Re1 c6 8. e4 Qc7 9. Nc3 e5 10. Be3 Na6 11. h3 Nb4 12. Qc1 Rd8 13. Bg5 Be6 14. Rd1 Bc4 15. b3 Ba6 16. Kh2 Re8 17. dxe5 dxe5 18. Be3 Rad8 19. Nd2 b6 20. Bf1 Bxf1 21. Rxf1 c5 22. Nc4 Qb7 23. f3 Nc6 24. Nb5 Re6 25. c3 Ne8 26. Rd1 Re7 27. Ra2 Red7 28. Rad2 Qc8 29. Nxb6 Rxd2+ 30. Rxd2 Qe6 31. Rxd8 Nxd8 32. Nc4 Nc6 33. Qd2 h5 34. Qd5 Qc8 35. Qxc5 Qd7 36. Qd5 Qc8 37. Nb6 Qb7 38. Qd7 1-0


[Site "https://www.chess.com"]

[Event "Titled Tuesday Blitz May 10 Late 2022"]
[White "Araujo Filho, Luiz Antonio Coel"]
[Black "Perez Rodriguez, Jennifer"]
[WhiteFideId "2130661"]
[BlackFideId "3507831"]
[WhiteElo "2279"]
[BlackElo "2170"]
[Result "1-0"]
[Round "04"]
[TimeControl "180+1"]
[Date "2022.05.11"]
[WhiteClock "0:02:04"]
[BlackClock "0:02:19"]

1. d4 Nf6 2. Nf3 b6 3. e3 e6 4. Bd3 Bb7 5. Qe2 Be7 6. Nbd2 O-O 7. O-O d6 8. e4 c5 9. c3 cxd4 10. cxd4 Nbd7 11. a3 a6 12. e5 dxe5 13. dxe5 Nd5 14. Ne4 Nc5 15. Nxc5 Bxc5 16. Bxh7+ Kxh7 17. Ng5+ Kg6 18. Qe4+ f5 19. exf6+ 1-0


[Site "https://www.chess.com"]

[Event "Titled Tuesday Blitz May 10 Late 2022"]
[White "Atanasov, Anthony"]
[Black "Jarovinsky, Alexey"]
[WhiteFideId "2623897"]
[BlackFideId "14115131"]
[WhiteElo "2505"]
[BlackElo "2685"]
[Result "0-1"]
[Round "04"]
[TimeControl "180+1"]
[Date "2022.05.11"]
[WhiteClock "0:02:07"]
[BlackClock "0:02:01"]

1. d4 Nc6 2. d5 Nb8 3. e4 d6 4. Nf3 Bg4 5. Nc3 Nf6 6. h3 Bxf3 7. Qxf3 Nbd7 8. Be3 g6 9. O-O-O Bg7 10. g4 c5 11. dxc6 bxc6 12. Bg2 Qa5 13. Qe2 Rb8 14. f4 O-O 15. Qc4 Rb4 16. Qxc6 Nb8 17. Rd5 Nxc6 18. Rxa5 Nxa5 19. a3 Rxb2 20. Kxb2 Nc4+ 0-1


[Site "https://www.chess.com"]